 Dungeon Crawl Stone Soup version 0.27-a0-1456-gf5a116941d (webtiles) character file.

Game seed: 12259683820632941795

2842 octoduck the Destroyer (level 9, -5/67 HPs)
             Began as a Deep Elf Conjurer on July 6, 2021.
             Was an Initiate of Sif Muna.
             Slain by a hornet (11 damage)
             ... on level 8 of the Dungeon on July 7, 2021.
             The game lasted 01:11:57 (16950 turns).

octoduck the Destroyer (Deep Elf Conjurer)         Turns: 16950, Time: 01:11:57

Health: -5/67      AC: 24    Str:  5    XL:     9   Next: 46%
Magic:  12/19      EV:  2    Int: 25    God:    Sif Muna [......]
Gold:   249        SH:  0    Dex: 14    Spells: 2/19 levels left

rFire    . . .     SeeInvis .   c - +1 dagger
rCold    . . .     Faith    .   (no shield)
rNeg     + + +     Spirit   .   (armour currently unavailable)
rPois    +         Reflect  .   (helmet currently unavailable)
rElec    .         Harm     .   (cloak currently unavailable)
rCorr    .         Rampage  .   (gloves currently unavailable)
Will     .....     NoTele   +   (boots currently unavailable)
Stlth    +++.......             (no amulet)
HPRegen  0.21/turn              g - ring of wizardry
MPRegen  0.16/turn              a - ring of positive energy

@: tree-form, slowed, very slow
A: stationary, stasis, torment immunity, boosted hp
a: Renounce Religion


You were on level 8 of the Dungeon.
You worshipped Sif Muna.
Sif Muna was noncommittal.
You were a tree.
You visited 2 branches of the dungeon, and saw 9 of its levels.
You also visited: Ossuary.

You collected 361 gold pieces.
You spent 112 gold pieces at shops.

Inventory:

Hand Weapons
 c - a +1 dagger (weapon)
 j - a +1 quarterstaff of draining
 v - the +6 Majin-Bo {vamp, MP+6 Int+6}
   (You found it on level 6 of the Dungeon)

   It inflicts no extra harm, but heals its wielder when it wounds a living foe.
   Int:       It affects your intelligence (+6).
   MP:        It affects your magic capacity (+6).
Missiles
 r - a curare-tipped dart
Armour
 b - a +0 buckler
 n - a +1 robe of willpower (melded)
 o - a +2 leather armour of cold resistance
Jewellery
 a - a ring of positive energy (right branch)
 g - a ring of wizardry (left branch)
 t - a +6 ring of strength
Wands
 h - a wand of acid (12)
Scrolls
 d - 2 scrolls of amnesia
 f - a scroll of fog
 m - 2 scrolls of enchant weapon
 x - a scroll of teleportation
 y - a scroll of summoning
Potions
 e - a potion of mutation
 i - a potion of curing
 k - a potion of invisibility
 l - a potion of cancellation {unknown}
 p - a potion of berserk rage {unknown}
 q - 2 potions of lignification
 s - a potion of brilliance {unknown}
 u - 3 potions of attraction {unknown}
 w - a potion of flight {unknown}


   Skills:
 - Level 6.1 Dodging
 - Level 6.2 Stealth
 + Level 5.7 Spellcasting
 + Level 11.2 Conjurations
 - Level 3.5 Hexes
 - Level 4.0 Translocations


You had 2 spell levels left.
You knew the following spells:

 Your Spells              Type           Power      Damage    Failure   Level
a - Magic Dart            Conj           100%       1d8       1%          1
b - Searing Ray           Conj           100%       3d7       1%          2
c - Dazzling Flash        Conj/Hex       88%        N/A       1%          3
d - Fulminant Prism       Conj/Hex       22%        3d13      1%          4
e - Teleport Other        Tloc           27%        N/A       1%          3
f - Iskenderun's Mystic   Conj/Tloc      45%        2d10      1%          4

Your spell library contained the following spells:

 Spells                   Type           Power      Damage    Failure   Level
 Summon Small Mammal      Summ           28%        N/A       3%          1
 Gell's Gravitas          Tloc           13%        N/A       1%          3
 Lesser Beckoning         Tloc           13%        N/A       1%          3
 Mephitic Cloud           Conj/Pois/Air  25%        N/A       1%          3
 Summon Guardian Golem    Hex/Summ       15%        N/A       4%          3
 Call Canine Familiar     Summ           7%         N/A       9%          3
 Ignite Poison            Fire/Tmut/Pois 7%         N/A       9%          3
 Fireball                 Conj/Fire      17%        3d9       9%          5
 Bolt of Magma            Conj/Fire/Erth 12%        4d8       17%         5
 Summon Mana Viper        Hex/Summ       15%        N/A       38%         5
 Monstrous Menagerie      Summ           3%         N/A       100%        7


Dungeon Overview and Level Annotations

Branches:
Dungeon (8/15)             Temple (1/1) D:4         Ossuary (visited)
   Lair: D:8-11

Altars:
Ashenzari
Cheibriados
Dithmenos
Elyvilon
Fedhas
Gozag
Hepliaklqana
Kikubaaqudgha
Makhleb
Okawaru
Qazlal
Sif Muna
Trog
Vehumet
Wu Jian
Xom
Yredelemnul
The Shining One
Beogh

Shops:
D:3 ***[!   D:4 (

Annotations:
D:4 2 runed translucent doors, robertstho's ghost, amateur GnBe
D:7 3 runed translucent doors, TODO's ghost, novice DjVM
D:8 Maggie


Message History

Your fulminant prism explodes!
The blast of energy engulfs the hornet!!
The hornet is almost dead.
You hear a roar!
Casting: Fulminant Prism (dangerous; 1% risk of failure)
Confirm with . or Enter, or press ? or * to list all spells.
Casting: Dazzling Flash (safe; 1% risk of failure)
Confirm with . or Enter, or press ? or * to list all spells.
Aiming: Searing Ray (safe; 1% risk of failure)
Press: ? - help, Shift-Dir - straight line, f - killer bee zombie
Aim: a killer bee zombie (76% to hit)
The searing ray misses the hornet.
The searing ray hits the killer bee zombie!
The killer bee zombie is moderately damaged. (Press . to maintain the ray.)
The hornet stings you!
You suddenly lose the ability to move!
The hornet completely misses you. The hornet stings you!
You feel yourself slow down.
You feel yourself speed up. The hornet stings you.
You feel yourself slow down. The hornet stings you!
* * * LOW HITPOINT WARNING * * *
You are poisoned.
You feel as though you will be slow longer.
You can move again.
Okay, then.
Okay, then.
Okay, then.
Really quaff the potion of lignification?
You turn into a tree.
Your +1 robe of willpower melds into your body.
You feel less strong-willed.
Your roots penetrate the ground.
You feel very sick. The hornet stings you.
* * * LOW HITPOINT WARNING * * *
You shrug off the repeated paralysis!
The hornet stings you!
* * * LOW HITPOINT WARNING * * *
You feel better. The hornet stings you.
* * * LOW HITPOINT WARNING * * *
The hornet stings you!
You die...

#.........#
#.........#
######.####
#.# #.# #.#
#.# #.# #♣#
#y# #Z#
#...y....
#........
.......##
..####.#
#..# # #..#


You could see a hornet and a killer bee zombie.

Vanquished Creatures
  Prince Ribbit (D:8)
  Sigmund (D:2)
  Edmund (D:6)
  Duvessa (D:4)
  An ice beast (D:5)
  A hornet zombie (D:7)
  A sky beast (D:6)
  A black bear (D:6)
  A necrophage (D:5)
  4 ogres (D:5)
  A centaur (D:8)
  Blork the orc (D:4)
  3 bullfrogs
  A kobold brigand (D:8)
  3 scorpions
  A water moccasin skeleton (D:4)
  A water moccasin zombie (D:6)
  Dowan (D:4)
  A vampire bat (D:8)
  2 howler monkeys (D:5)
  2 hounds (D:5)
  3 orc priests
  A jelly (D:7)
  Jessica (D:3)
  Natasha (thrice) (D:2)
  An iguana (D:6)
  5 orc wizards
  4 adders
  2 adder skeletons
  3 worms
  3 dart slugs
  19 orcs
  8 ball pythons
  4 bat skeletons (D:8)
  2 bat zombies (D:8)
  5 endoplasms
  6 giant cockroaches
  A gnoll zombie (Ossuary)
  7 goblins
  11 hobgoblins
  8 jackals
  15 kobolds
  4 quokkas
  7 bats
  5 frilled lizards
  A kobold zombie (Ossuary)
  An orc zombie (Ossuary)
  4 rats
164 creatures vanquished.

Vanquished Creatures (others)
  A kobold (D:8)
  22 fulminant prisms
23 creatures vanquished.

Grand Total: 187 creatures vanquished

Notes
Turn   | Place    | Note
-------+----------+-------------------------------------------
     0 | D:1      | octoduck the Deep Elf Conjurer began the quest for the Orb.
     0 | D:1      | Reached XP level 1. HP: 10/10 MP: 6/6
   393 | D:1      | Reached XP level 2. HP: 15/15 MP: 4/8
   519 | D:1      | Reached skill level 5 in Conjurations
   577 | D:1      | Learned a level 2 spell: Searing Ray
  1110 | D:1      | Reached XP level 3. HP: 19/19 MP: 5/9
  1149 | D:1      | Got the Incunabulum of the Burning Entourage
  1795 | D:2      | Noticed Sigmund
  2310 | D:2      | Reached skill level 6 in Conjurations
  2355 | D:2      | Noticed Natasha
  2408 | D:2      | Reached XP level 4. HP: 24/24 MP: 2/10
  2502 | D:2      | Learned a level 3 spell: Dazzling Flash
  2753 | D:3      | Found Yhiqex's Assorted Antiques.
  2760 | D:3      | Bought a scroll labelled UTAINELUODGH for 21 gold pieces
  2846 | D:3      | Found Iqimot's General Store.
  2921 | D:3      | Found a stormy altar of Qazlal.
  2930 | D:3      | Bought a scroll of identify for 26 gold pieces
  2930 | D:3      | Bought a potion of heal wounds for 65 gold pieces
  2939 | D:3      | Found a blossoming altar of Fedhas.
  2939 | D:3      | Found an ornate altar of the Wu Jian Council.
  2942 | D:3      | Found a shimmering altar of Xom.
  3043 | D:3      | Found Jeve Qie's Armour Shop.
  3050 | D:3      | Reached skill level 1 in Hexes
  3191 | D:3      | Found Eckiso's Distillery.
  3221 | D:3      | Found Anoymafa's Assorted Antiques.
  3261 | D:3      | Noticed Jessica
  3491 | D:3      | Killed Jessica
  3492 | D:3      | Reached XP level 5. HP: 25/28 MP: 7/11
  3990 | D:4      | Learned a level 4 spell: Fulminant Prism
  4008 | D:4      | Noticed Blork the orc
  4204 | D:4      | Reached XP level 6. HP: 32/32 MP: 6/12
  4285 | D:4      | Found a staircase to the Ecumenical Temple.
  4295 | Temple   | Entered the Ecumenical Temple
  4428 | Temple   | Became a worshipper of Sif Muna the Loreminder
  4810 | D:4      | Found Iphaeta's Antique Weapon Shoppe.
  4847 | D:4      | Reached skill level 7 in Conjurations
  5585 | D:4      | Found a large runed translucent door.
  5585 | D:4      | Noticed robertstho's ghost (amateur GnBe)
  5586 | D:4      | Found a large runed translucent door.
  5725 | D:4      | Noticed Duvessa
  5725 | D:4      | Noticed Dowan
  6876 | D:5      | Entered Level 5 of the Dungeon
  7032 | D:5      | Noticed an ice beast
  7173 | D:5      | Reached skill level 5 in Stealth
  7173 | D:5      | Reached XP level 7. HP: 36/36 MP: 7/13
  7367 | D:5      | Reached skill level 8 in Conjurations
  8029 | D:4      | Killed Blork the orc
  8345 | D:5      | Reached skill level 9 in Conjurations
  8578 | D:5      | Reached XP level 8. HP: 41/41 MP: 9/14
  8789 | D:5      | Found a hazy altar of Hepliaklqana.
  8964 | D:5      | Reached skill level 10 in Conjurations
  8993 | D:5      | Learned a level 3 spell: Teleport Other
  9314 | D:6      | Noticed Edmund
  9315 | D:6      | Found the +6 Majin-Bo {vamp, MP+6 Int+6}
  9533 | D:6      | Reached skill level 1 in Translocations
 10579 | D:6      | Killed Edmund
 11020 | D:2      | Killed Sigmund
 11066 | D:2      | Killed Natasha
 11067 | D:2      | Reached skill level 5 in Dodging
 11225 | D:2      | Noticed Natasha
 11228 | D:2      | Killed Natasha
 11979 | D:2      | Noticed Natasha
 11982 | D:2      | Killed Natasha
 12347 | D:4      | Killed Duvessa
 12541 | D:4      | Killed Dowan
 12542 | D:4      | Reached XP level 9. HP: 45/45 MP: 4/15
 12713 | D:7      | Found a sand-covered staircase.
 12718 | Ossuary  | Entered an ossuary
 13255 | D:7      | Noticed a gargoyle
 14595 | D:7      | Found a runed translucent gate.
 14596 | D:7      | Found a runed translucent gate.
 14597 | D:7      | Found a runed translucent gate.
 14600 | D:7      | Noticed TODO's ghost (novice DjVM)
 14600 | D:7      | Identified the +9 plate armour "Lamp" {Rampage rElec
                  | Stlth-}
 14933 | D:7      | Noticed a troll
 15162 | D:8      | Learned a level 4 spell: Iskenderun's Mystic Blast
 15168 | D:8      | Noticed Maggie
 15515 | D:8      | Found an ancient bone altar of Kikubaaqudgha.
 15685 | D:8      | Noticed Prince Ribbit
 15816 | D:8      | Killed Prince Ribbit
 15817 | D:8      | Reached skill level 5 in Spellcasting
 15817 | D:8      | Reached skill level 11 in Conjurations
 16946 | D:8      | Paralysed by a hornet for 3 turns
 16949 | D:8      | HP: 2/67 [hornet (8)]
 16950 | D:8      | Slain by a hornet

Illustrated notes

Levels and vault maps discovered:
D:1:      psy_arrival_basics, layout_rooms
D:2:      layout_loops_cross, serial_aquarium, aquarium_bridge_island_large
          [aquarium_subvault_large_4_pools, aquarium_subvault_bridge,
          aquarium_subvault_wall, aquarium_subvault_bridge,
          aquarium_subvault_bridge], aquarium_bridge_straight
          [aquarium_subvault_bridge, aquarium_subvault_window,
          aquarium_subvault_bridge, aquarium_subvault_wall], aquarium_window_1,
          aquarium_window_1, aquarium_view_2d, aquarium_balcony_3b,
          palyth_stone_intersect, minmay_hexomino_c4, uniq_sigmund, uniq_natasha
D:3:      layout_rooms, chequers_temple_overflow_statue_of_worship,
          serial_shops, nicolae_shop_behind_doors, shop, nicolae_shop_trees,
          shop_statue, shop, uniq_jessica
D:4:      minmay_spotlight, layout_basic, minmay_temple_entry_stoned_glass,
          ebering_ghost_disaster_area, serial_corexii_hall,
          chequers_hall_statues_corner_a, chequers_hall_statues_corner_a,
          corexii_hall_statues_l, serial_shops, nicolae_diamond_shop,
          uniq_duvessa, uniq_blork_the_orc
D:5:      layout_loops_ring, kennysheep_little_box
D:6:      layout_layer_cave, uniq_edmund
D:7:      layout_basic, enter_ossuary_2, biasface_ghost_orc_armoury,
          hangedman_abyss_or_decor_stagger
D:8:      layout_basic, kennysheep_vampire_church, erik_lair_dragon,
          uniq_prince_ribbit1, uniq_maggie
Temple:   eino_narrow_crystal_temple

Skill      XL: |  1  2  3  4  5  6  7  8  9 |
---------------+----------------------------+-----
Conjurations   | 5 6 7 9 10 11 | 11.2
Hexes          | 2 3 |  3.5
Stealth        | 4 5 6 |  6.2
Dodging        | 5 6 |  6.1
Translocations | 4 |  4.0
Spellcasting   | 5 |  5.7

Action                   |  1- 3 |  4- 6 |  7- 9 || total
-------------------------+-------+-------+-------++-------
Melee: Dagger            |     1 |     4 |    14 ||    19
 Cast: Magic Dart        |    82 |    81 |    67 ||   230
       Searing Ray       |     5 |    15 |    33 ||    53
       Dazzling Flash    |       |     1 |     3 ||     4
       Fulminant Prism   |       |       |    22 ||    22
       Teleport Other    |       |       |     9 ||     9
  Use: Scroll            |     3 |     6 |     8 ||    17
       Potion            |       |     1 |     3 ||     4
 Stab: Sleeping          |     1 |       |       ||     1
Armor: Robe              |     8 |     2 |    20 ||    30
Dodge: Dodged            |     6 |    15 |    70 ||    91

Table legend: (Time is in decaauts)
 A = Elapsed time spent in this place.
 B = Non-inter-level travel time spent in this place.
 C = Inter-level travel time spent in this place.
 D = Time resting spent in this place.
 E = Time spent auto-exploring this place.
 F = Levels seen in this place.
 G = Mean time per level.
                   A        B        C        D        E       F      G
               +--------+--------+--------+--------+--------+-----+--------+
         Total |  17003 |  13545 |   3458 |   5195 |   4398 |  10 | 1700.3 |
       Dungeon |  16834 |  13425 |   3409 |   5193 |   4315 |   8 | 2104.2 |
        Temple |    140 |     91 |     49 |      2 |     83 |   1 |  140.0 |
       Ossuary |     28 |     28 |      0 |      0 |      0 |   1 |   28.0 |
               +--------+--------+--------+--------+--------+-----+--------+

Top non-repeatable levels by time:
     D:4: 3644 daAuts
     D:2: 2370 daAuts
     D:6: 2276 daAuts
     D:5: 2214 daAuts
     D:8: 1974 daAuts
     D:3: 1478 daAuts
     D:1: 1456 daAuts
     D:7: 1419 daAuts
  Temple: 140 daAuts
 Ossuary: 28 daAuts
